 Dungeon Crawl Stone Soup version 0.32-a0-422-g28b100f (webtiles) character file.

Game seed: 6824946909660906827

590 Nithhogg the Covered (level 7, 0/61 HPs)
             Began as a Mountain Dwarf Fighter on Feb 21, 2024.
             Succumbed to an orc wizard's poison
             ... on level 4 of the Dungeon.
             The game lasted 00:04:24 (3072 turns).

Nithhogg the Covered (Mountain Dwarf Fighter)       Turns: 3072, Time: 00:04:25

Health: 0/61       AC:  7    Str: 21      XL:     7   Next: 15%
Magic:  10/10      EV: 10    Int:  7 (8)  God:
Gold:   263        SH:  4    Dex:  9      Spells: 6/6 levels left

rFire   . . .        a - +0 war axe
rCold   . . .        c - +0 buckler
rNeg    . . .        b - +0 scale mail
rPois   .            (no helmet)
rElec   .            (no cloak)
rCorr   .            (no gloves)
SInv    .            (no boots)
Will    .....        (no amulet) Stlth
                     (no ring)
HPRegen 0.30/turn    (no ring)
MPRegen 0.12/turn

%: no passive effects
@: brilliant, lethally poisoned (0 -> -1)
A: runic magic, artefact enchanting
a: no special abilities


You were on level 4 of the Dungeon.
You visited 1 branch of the dungeon, and saw 4 of its levels.

You collected 263 gold pieces.

Inventory:

Hand Weapons
 a - a +0 war axe (weapon)
 j - a +1 flail of holy wrath
Missiles
 m - 2 poisoned darts (quivered)
Armour
 b - a +0 scale mail (worn)
 c - a +0 buckler (worn)
Jewellery
 i - a ring of poison resistance
 p - a ring of protection from cold
Wands
 l - a wand of flame (7)
Scrolls
 d - a scroll of vulnerability
 e - 2 scrolls of teleportation
 f - 2 scrolls of noise
 h - a scroll of immolation
 k - a scroll of identify
 q - a scroll of enchant armour


   Skills:
 + Level 5.0 Fighting
 + Level 4.7 Axes
 + Level 5.0 Armour
 + Level 2.2 Dodging
 - Level 3.2 Shields
 + Level 4.2 Invocations


You had 6 spell levels left.
You didn't know any spells.
Your spell library contained the following spells:

 Spells                   Type           Power      Damage    Failure   Level
 Magic Dart               Conj           0%         1d3       58%         1
 Searing Ray              Conj           0%         2d4       73%         2
 Sublimation of Blood     Necr           0%         N/A       73%         2
 Dazzling Flash           Conj/Hex       0%         N/A       91%         3
 Volatile Blastmotes      Fire/Tloc      0%         2d10      91%         3
 Fulminant Prism          Conj/Alch      0%         3d5       100%        4
 Petrify                  Alch/Erth      0%         N/A       100%        4
 Irradiate                Conj/Alch      0%         3d11      100%        5
 Starburst                Conj/Fire      0%         6d3       100%        6
 Maxwell's Capacitive Co  Air            0%         ∞         100%        8


Dungeon Overview and Level Annotations

Branches:
Dungeon (4/15)
 Temple: D:4-7

Altars:


Innate Abilities, Weirdness & Mutations

Your spellcasting is much less encumbered by armour.
You can use scrolls of enchantment on lesser artefacts.


Message History

You kill the orc wizard!
You hit the jelly.
Your hands burn!
* * * LOW HITPOINT WARNING * * *
You feel sick. The jelly hits you but does no damage.
The orc priest threatens, "Beogh's wrath is as vast as their mercy.
Make your choice!"
You closely miss the orc priest. You completely miss the jelly.
You feel sick. The jelly hits you but does no damage.
The orc priest mumbles some strange prayers to Beogh against you.
You struggle to resist.
You hit the orc priest.
The orc priest is moderately wounded.
The orc priest shouts, "The Pantheon deserves no one's loyalty.
Let us show you the true path!"
You hit the jelly.
Your hands burn!
* * * LOW HITPOINT WARNING * * *
You feel sick.
The orc priest shouts, "Beogh offers mercy even to people such as you.
Join us and be reborn!"
The jelly hits you but does no damage.
The orc priest hits you but does no damage.
You completely miss the orc priest.
The orc priest is moderately wounded.
You slash the jelly!
You kill the jelly!
You feel sick.
A hobgoblin comes into view.
The orc priest barely misses you.
The orc priest hits you with a +0 dagger.
* * * LOW HITPOINT WARNING * * *
Your Fighting skill increases to level 5!
Your Armour skill increases to level 5!
As you read the scroll labelled UTZOCEC BEAS, it crumbles to dust.
You assume a fearsome visage.
The hobgoblin looks frightened!
The hobgoblin shouts!
The orc priest looks frightened!
It was a scroll of fear.
* * * LOW HITPOINT WARNING * * *
You feel sick.
Unknown command.
You aren't carrying any potions.
Okay, then.
You are too injured to fight recklessly!
You die...

. ......#.... .
......#.... ......#...
.........# ..
....#..####.# .
#...o....#.# #.##
#..))....... ...#
#........# ##.#
#..@.....# I#.#
#........# .#.#
#........# ##.#
#..†)....# .#.#
#........# ##.##
###........# ##..#
#.............
....########........#####
###.##..............#


You could see an orc priest (fleeing).

Vanquished Creatures
  Duvessa (D:4)
  A phantom (D:3)
  Dowan (D:4)
  A howler monkey (D:4)
  A jelly (D:4)
  An orc priest (D:3)
  An orc wizard (D:4)
  4 adders
  4 gnolls
  2 ribbon worms
  2 dart slugs (D:3)
  7 orcs
  9 endoplasms
  5 giant cockroaches
  8 goblins
  9 hobgoblins
  5 jackals
  5 kobolds
  5 quokkas
  8 ball pythons
  A bat (D:3)
  6 frilled lizards
  5 rats
92 creatures vanquished.

Notes
Turn   | Place    | Note
-------+----------+-------------------------------------------
     0 | D:1      | Nithhogg the Mountain Dwarf Fighter began the quest for the
                  | Orb.
     0 | D:1      | Reached XP level 1. HP: 19/19 MP: 1/1
    80 | D:1      | Reached XP level 2. HP: 24/26 MP: 2/2
    82 | D:1      | Reached skill level 1 in Invocations
   305 | D:1      | Reached XP level 3. HP: 29/31 MP: 2/4
  1119 | D:2      | Reached skill level 1 in Dodging
  1119 | D:2      | Reached XP level 4. HP: 26/40 MP: 5/5
  1711 | D:3      | Noticed a phantom
  1735 | D:3      | Killed a phantom
  1736 | D:3      | Reached XP level 5. HP: 8/46 MP: 5/7
  2397 | D:3      | Reached XP level 6. HP: 52/53 MP: 8/8
  2833 | D:4      | Noticed Duvessa
  2833 | D:4      | Noticed Dowan
  2854 | D:4      | Killed Duvessa
  2859 | D:4      | Killed Dowan
  2860 | D:4      | Reached XP level 7. HP: 24/60 MP: 8/10
  3070 | D:4      | HP: 2/60 [orc priest/+0 dagger (4)]
  3071 | D:4      | Reached skill level 5 in Fighting
  3071 | D:4      | Reached skill level 5 in Armour
  3072 | D:4      | Succumbed to an orc wizard's poison

Illustrated notes

Levels and vault maps discovered:
D:1:      lightli_arrival_maybe_door_vault, layout_rooms, minmay_surrounded
D:2:      layout_basic, nicolae_eternal_life, minmay_hexomino_u4
D:3:      layout_loops_ring, minmay_increasing_density
D:4:      dreamdust_elfheim, layout_basic, minmay_temple_entry_offerings,
          serial_shops, nicolae_shop_window_shopping

Skill      XL: |  1  2  3  4  5  6  7 |
---------------+----------------------+-----
Invocations    | 1 2 3 4 |  4.2
Axes           | 3 4 |  4.7
Dodging        | 1 2 |  2.2
Fighting       | 4 5 |  5.0
Armour         | 4 5 |  5.0
Shields        | |  3.2

Action                     |  1- 3 |  4- 6 |  7- 9 || total
---------------------------+-------+-------+-------++-------
  Melee: War axe           |   106 |   147 |    18 ||   271
    Use: Potion            |       |     5 |     1 ||     6
         Scroll            |       |     8 |     1 ||     9
 Armour: Scale mail        |    71 |   147 |    20 ||   238
  Dodge: Dodged            |    52 |    69 |    14 ||   135
  Block: Buckler           |    18 |    29 |     3 ||    50

Table legend: (Time is in decaauts)
 A = Elapsed time spent in this place.
 B = Non-inter-level travel time spent in this place.
 C = Inter-level travel time spent in this place.
 D = Time resting spent in this place.
 E = Time spent auto-exploring this place.
 F = Levels seen in this place.
 G = Mean time per level.
                   A        B        C        D        E       F      G
               +--------+--------+--------+--------+--------+-----+--------+
         Total |   3148 |   3051 |     97 |    149 |   2293 |   4 |  787.0 |
       Dungeon |   3148 |   3051 |     97 |    149 |   2293 |   4 |  787.0 |
               +--------+--------+--------+--------+--------+-----+--------+

Top non-repeatable levels by time:
     D:3: 983 daAuts
     D:2: 951 daAuts
     D:1: 672 daAuts
     D:4: 541 daAuts
